 Dungeon Crawl Stone Soup version 0.18.1-48-g4cf74bf (webtiles) character file.

30317 Alarkh the Basher (level 13, -7/90 HPs)
             Began as a Mummy Skald on Sept 11, 2016.
             Was the Champion of Okawaru.
             Mangled by a minotaur
             ... wielding a +2 demon blade of flaming
              (34 damage)
             ... in a labyrinth.
             The game lasted 00:46:49 (21394 turns).

Alarkh the Basher (Mummy Skald)                    Turns: 21394, Time: 00:46:50

Health: -7/90      AC: 14    Str: 15    XL:     13   Next: 19%
Magic:  15/25      EV: 11    Int: 15    God:    Okawaru [******]
Gold:   534        SH:  8    Dex: 13    Spells: 3 memorised, 23 levels left

rFire  . . .     SeeInvis +     a - +2 eveningstar (protect)
rCold  + . .     Gourm    .     b - +2 robe {rF+}
rNeg   + + +     Faith    .     z - +0 shield
rPois  ∞         Spirit   .     l - +2 hat {MR+}
rElec  .         Dismiss  .     o - +0 cloak
rCorr  .         Reflect  .     k - +0 pair of gloves
SustAt .         Harm     .     B - +0 pair of boots
MR     ++...                    J - amulet of regeneration
Stlth  +.........               K - ring of flight
                                s - ring of see invisible

@: finesse, infused, very resistant to hostile enchantments, very unstealthy
A: no food or potions, fire vulnerability, cold resistance 1, negative energy
resistance 3, torment resistance, unbreathing, in touch with death 1, restore
body
a: Self-Restoration, Heroism, Finesse, Renounce Religion, Evoke Flight


You were in a labyrinth.
You worshipped Okawaru.
Okawaru was exalted by your worship.
You were not hungry.

You visited 3 branches of the dungeon, and saw 17 of its levels.
You also visited: Labyrinth and Ossuary.

You collected 751 gold pieces.
You spent 217 gold pieces at shops.

Inventory:

Hand Weapons
 a - a +2 eveningstar of protection (weapon)
 j - the +1 morningstar of Modesty {crush, Dex+7}
   (Okawaru gifted it to you on level 2 of the Lair of Beasts)

   It inflicts extra damage upon your enemies.
   It affects your dexterity (+7).
 G - the +3 flail "Esuall" {freeze, *Contam rF- MP+9 Stlth+}
   (You found it on level 3 of the Lair of Beasts)

   It has been specially enchanted to freeze those struck by it, causing extra
   injury to most foes and up to half again as much damage against particularly
   susceptible opponents.
   It can also slow down cold-blooded creatures.
   It makes you vulnerable to fire.
   It affects your magic capacity (+9).
   It causes magical contamination when unequipped.
   It makes you more stealthy.
 H - a +6 great mace of crushing
Armour
 b - a +2 robe of fire resistance (worn)
 k - a +0 pair of gloves (worn)
 l - a +2 hat of magic resistance (worn)
 o - a +0 cloak (worn)
 z - a +0 shield (worn)
 B - a +0 pair of boots (worn)
 I - a +2 large shield
Magical Staves
 M - an uncursed staff of air
Jewellery
 p - an uncursed ring of ice
 s - a ring of see invisible (left hand)
 J - an amulet of regeneration (around neck)
 K - a ring of flight (right hand)
 N - an uncursed amulet of magic regeneration
 O - an uncursed ring of teleportation
 P - a +6 ring of dexterity
Wands
 n - a wand of random effects (24/48)
 q - a wand of iceblast (0/15)
 x - a wand of paralysis (14/24)
 F - a wand of confusion (16/48)
Scrolls
 d - 17 scrolls of remove curse
 e - a scroll of identify
 h - 9 scrolls of random uselessness
 m - 3 scrolls of magic mapping
 r - 2 scrolls of teleportation
 t - a scroll of fog
 u - 2 scrolls of recharging
 y - 6 scrolls of immolation
 D - 3 scrolls of enchant armour


   Skills:
 + Level 4.7 Fighting
 * Level 13.6 Maces & Flails
 + Level 3.8 Armour
 + Level 3.5 Dodging
 + Level 3.1 Shields
 + Level 8.7 Spellcasting
 + Level 8.3 Charms


You had 23 spell levels left.
You knew the following spells:

 Your Spells              Type           Power        Failure   Level  Hunger
a - Spectral Weapon       Hex/Chrm       ###.....     34%         3    N/A
c - Infusion              Chrm           ####         1%          1    N/A
e - Shroud of Golubria    Chrm/Tloc      ###.......   17%         2    N/A

Dungeon Overview and Level Annotations

Branches:
Dungeon (11/15)            Temple (1/1) D:5            Lair (5/8) D:9
 Spider (0/4) Lair:4          Orc (0/2) D:10
  Swamp: Lair:3-6    Shoals: Lair:3-6

Altars:
Ashenzari
Cheibriados
Dithmenos
Elyvilon
Fedhas
Gozag
Kikubaaqudgha
Makhleb
Nemelex Xobeh
Okawaru
Pakellas
Qazlal
Ru
Sif Muna
Trog
Vehumet
Xom
Yredelemnul
Zin
The Shining One

Shops:
D:5 [   D:10 %


Innate Abilities, Weirdness & Mutations

You do not eat or drink.
Your flesh is vulnerable to fire.
You are immune to poison.
Your flesh is cold resistant.
You are immune to negative energy.
You are immune to unholy pain and torment.
You can survive without breathing.
You are in touch with the powers of death.
You can restore your body by infusing magical energy.


Message History

The tomahawk of dispersal hits you!
You blink.
The minotaur throws a tomahawk of dispersal.
The tomahawk of dispersal hits your spectral weapon!
Your spectral weapon shares its damage with you!
Your spectral weapon blinks!
The minotaur throws a tomahawk of dispersal.
The tomahawk of dispersal hits you but does no damage.
Your shroud bends the minotaur's attack away!
The minotaur gores you! The minotaur blocks your attack.
Your shroud bends the minotaur's attack away!!
The minotaur gores you!
* * * LOW HITPOINT WARNING * * *
The minotaur blocks your attack.
You hit the minotaur but do no damage.
Your spectral weapon hits the minotaur but does no damage.
The minotaur blocks your attack.
The minotaur blocks your spectral weapon's attack.
The minotaur hits you with a demon blade of flaming!!
You die...

... .#. # ## # .
#.###.# # # .
... .#.. # . #.
# ### ##.# ####
. .. . .....# #.
## ####
..##.###.# # #
...
............# .
.#
##.#########..#.
# . # )8H8.8#@.#
. ## #
......H(.# # #
...# :8[8.8#..#
.# # #. .
########..## .
#.........
.....# . #
##.##..#.
##.#.### . #..
#.#.# #.#...#
###.## # ##.# #
#. . # #.#


You could see a minotaur and a friendly spectral eveningstar of protection.

Vanquished Creatures
  Gastronok (Lair:2)
  2 hydras
  The ghost of negitausen the Fighter, a novice DsBe of Trog (Lair:1)
  Erica (D:11)
  Nergalle (D:10)
  An unseen horror (D:10)
  4 hill giants
  The ghost of tobi the Ducker, a novice HEFi of Dithmenos (D:6)
  6 elephants
  3 black mambas
  2 spiny frogs
  2 komodo dragons (Lair:2)
  A two-headed ogre (D:9)
  A queen bee (Lair:1)
  4 trolls
  4 jumping spiders (Lair:4)
  7 blink frogs
  Prince Ribbit (Lair:1)
  A spriggan (D:7)
  2 shadows (D:11)
  A redback (Lair:4)
  A vampire (D:10)
  A basilisk (Lair:3)
  25 yaks
  7 hippogriffs
  A hungry ghost (D:11)
  Duvessa (D:4)
  4 porcupines
  9 water moccasins
  2 wasps
  3 black bears
  4 ice beasts
  A phantom (D:7)
  4 wolves (Lair:1)
  6 ogres
  2 centaurs
  6 crocodiles
  A big kobold (D:8)
  21 giant frogs
  Dowan (D:4)
  6 scorpions
  30 killer bees
  7 wights
  2 howler monkeys
  8 crimson imps
  4 lava snakes (Lab)
  A centaur zombie (Ossuary)
  A human zombie (Ossuary)
  5 jellies
  A giant frog zombie (D:5)
  A centaur skeleton (D:10)
  5 orc priests
  7 hounds
  14 orc wizards
  5 giant frog skeletons
  3 iguanas
  4 worker ants
  Natasha (thrice) (D:3 D:5)
  A sheep (D:9)
  A big kobold zombie (Ossuary)
  5 mummies (Ossuary)
  A worker ant zombie (D:11)
  3 gnolls
  13 adders
  17 river rats
  7 shadow imps
  An adder skeleton (D:8)
  5 worms
  A dart slug (D:2)
  3 giant geckos
  51 orcs
  A ball python (D:1)
  9 giant cockroaches
  3 gnoll zombies (Ossuary)
  14 goblins
  9 hobgoblins
  10 jackals
  13 kobolds
  3 quokkas
  9 bats
  4 giant newts
  2 orc zombies (Ossuary)
  A quokka skeleton (D:5)
  A quokka zombie (D:6)
  5 rats
  A plant (D:3)
448 creatures vanquished.

Vanquished Creatures (others)
  A wizard (D:4)
  A worker ant (D:5)
  An orc (D:10)
  A quokka (D:5)
  2 fungi (Lair:4)
  5 plants
  26 spectral weapons
37 creatures vanquished.

Grand Total: 485 creatures vanquished

Notes
Turn   | Place    | Note
--------------------------------------------------------------
     0 | D:1      | Alarkh the Mummy Skald began the quest for the Orb.
     0 | D:1      | Reached XP level 1. HP: 16/16 MP: 3/3
   189 | D:1      | Reached skill level 2 in Maces & Flails
   302 | D:1      | Reached XP level 2. HP: 15/22 MP: 1/5
  1159 | D:1      | Reached XP level 3. HP: 14/27 MP: 1/6
  1521 | D:2      | Reached skill level 3 in Maces & Flails
  1588 | D:2      | Learned a level 2 spell: Shroud of Golubria
  1592 | D:2      | Learned a level 3 spell: Spectral Weapon
  2004 | D:2      | Reached XP level 4. HP: 19/33 MP: 0/7
  2828 | D:2      | Reached skill level 4 in Maces & Flails
  2899 | D:3      | Found a shattered altar of Ashenzari.
  2904 | D:3      | Found a basalt altar of Yredelemnul.
  3234 | D:3      | Found a sacrificial altar of Ru.
  3259 | D:3      | Reached XP level 5. HP: 23/38 MP: 8/8
  3748 | D:3      | Noticed Natasha
  3759 | D:3      | Killed Natasha
  3792 | D:2      | Found a shimmering altar of Xom.
  3792 | D:2      | Found a burning altar of Makhleb.
  3885 | D:3      | Reached skill level 5 in Maces & Flails
  3921 | D:3      | Found a snail-covered altar of Cheibriados.
  3921 | D:3      | Found a blossoming altar of Fedhas.
  3921 | D:3      | Found a radiant altar of Vehumet.
  4137 | D:3      | Reached XP level 6. HP: 44/44 MP: 9/9
  4357 | D:4      | Found a bloodstained altar of Trog.
  4358 | D:4      | Noticed a wizard
  4364 | D:4      | Killed a wizard
  4910 | D:4      | Noticed Duvessa
  4920 | D:5      | Entered Level 5 of the Dungeon
  5128 | D:4      | Killed Duvessa
  5128 | D:4      | Reached skill level 6 in Maces & Flails
  5156 | D:4      | Noticed Dowan
  5367 | D:4      | Killed Dowan
  5432 | D:4      | Reached XP level 7. HP: 46/50 MP: 1/10
  6107 | D:5      | Found Akaenuk's Antique Armour Shoppe.
  6299 | D:5      | Reached skill level 7 in Maces & Flails
  6951 | D:5      | Noticed Natasha
  6959 | D:5      | Killed Natasha
  7245 | D:5      | Noticed Natasha
  7262 | D:5      | Killed Natasha
  7312 | D:5      | Found a staircase to the Ecumenical Temple.
  7445 | D:5      | Reached XP level 8. HP: 43/56 MP: 11/11
  7463 | D:5      | Reached skill level 8 in Maces & Flails
  7540 | Temple   | Entered the Ecumenical Temple
  7636 | Temple   | Became a worshipper of Warmaster Okawaru
  8183 | D:6      | Noticed tobi's ghost (novice HEFi)
  8394 | D:5      | Reached * piety under Okawaru
  8394 | D:5      | Reached skill level 9 in Maces & Flails
  9043 | D:6      | Killed tobi's ghost
  9043 | D:6      | Reached ** piety under Okawaru
  9043 | D:6      | Reached skill level 10 in Maces & Flails
  9043 | D:6      | Reached XP level 9. HP: 23/61 MP: 3/12
 11674 | D:8      | Found a sand-covered staircase.
 11680 | Ossuary  | Entered an ossuary
 12145 | D:8      | Reached *** piety under Okawaru
 13109 | D:9      | Reached XP level 10. HP: 62/67 MP: 13/17
 13231 | D:9      | Reached skill level 5 in Spellcasting
 13429 | D:9      | Reached skill level 5 in Charms
 13541 | D:9      | Reached **** piety under Okawaru
 13568 | D:9      | Reached skill level 11 in Maces & Flails
 13590 | D:9      | Noticed an elephant
 13653 | D:8      | Reached skill level 1 in Armour
 13672 | D:8      | Reached skill level 1 in Dodging
 13856 | D:9      | Killed an elephant
 13856 | D:9      | Reached skill level 1 in Shields
 13925 | D:9      | Found a staircase to the Lair.
 13928 | D:9      | You fall through a shaft for 2 floors!
 13956 | D:10     | Entered Level 10 of the Dungeon
 14032 | D:10     | Found a staircase to the Orcish Mines.
 14108 | D:10     | Found Ecoxkolann's Food Shop.
 14275 | D:10     | Noticed Nergalle
 14319 | D:10     | Noticed a hill giant
 14370 | D:10     | Killed Nergalle
 14370 | D:10     | Reached ***** piety under Okawaru
 14459 | D:10     | Noticed a hill giant
 14480 | D:10     | Killed a hill giant
 14480 | D:10     | Received a gift from Okawaru
 14496 | D:10     | Noticed a hill giant
 14645 | D:11     | Reached XP level 11. HP: 74/75 MP: 13/20
 14756 | D:11     | Found a shadowy altar of Dithmenos.
 15439 | D:11     | Noticed a hill giant
 15460 | D:11     | Killed a hill giant
 15530 | D:10     | Noticed Erica
 15535 | D:11     | Killed Erica
 15625 | D:10     | Noticed an unseen horror
 15644 | D:10     | Killed an unseen horror
 15645 | D:10     | Killed a hill giant
 15645 | D:10     | Reached skill level 12 in Maces & Flails
 15825 | D:10     | Killed a hill giant
 15985 | D:10     | Received a gift from Okawaru
 16404 | Lair:1   | Entered Level 1 of the Lair of Beasts
 16404 | Lair:1   | Noticed Prince Ribbit
 16436 | Lair:1   | Killed Prince Ribbit
 16615 | Lair:1   | Noticed negitausen's ghost (novice DsBe)
 16627 | Lair:1   | Killed negitausen's ghost
 17015 | Lair:1   | Received a gift from Okawaru
 17015 | Lair:1   | Reached XP level 12. HP: 72/81 MP: 19/23
 17657 | Lair:1   | Noticed an eight-headed hydra
 17998 | D:9      | Killed an eight-headed hydra
 17998 | D:9      | Reached skill level 13 in Maces & Flails
 18029 | Lair:1   | Reached ****** piety under Okawaru
 18402 | D:5      | Bought a fine leather armour for 217 gold pieces
 18412 | D:5      | Identified the +1 leather armour of Suyreysi {Int+3} (You bought it in a shop on level 5 of the Dungeon)
 18595 | Lair:2   | Received a gift from Okawaru
 18599 | Lair:2   | Got a faintly glowing morningstar {god gift}
 18600 | Lair:2   | Identified the +1 morningstar of Modesty {crush, Dex+7} (Okawaru gifted it to you on level 2 of the Lair of Beasts)
 18700 | Lair:2   | Noticed Gastronok
 18715 | Lair:2   | Killed Gastronok
 19539 | Lair:3   | Got a crystal flail
 19540 | Lair:3   | Identified the +3 flail "Esuall" {freeze, *Contam rF- MP+9 Stlth+} (You found it on level 3 of the Lair of Beasts)
 19554 | Lair:3   | Received a gift from Okawaru
 19638 | Lair:3   | Gained mutation: You are in touch with the powers of death. [Mummy growth]
 19638 | Lair:3   | Gained mutation: You can restore your body by infusing magical energy. [Mummy growth]
 19638 | Lair:3   | Reached XP level 13. HP: 51/90 MP: 20/25
 19779 | Lair:3   | Received a gift from Okawaru
 20272 | Lair:4   | Found a hole to the Spider Nest.
 20957 | Lair:5   | Found a labyrinth entrance.
 20977 | Lab      | Entered a labyrinth
 21381 | Lab      | Noticed a minotaur
 21394 | Lab      | Mangled by a minotaur

Skill      XL: |  1  2  3  4  5  6  7  8  9 10 11 12 13 |
---------------+----------------------------------------+-----
Maces & Flails | 2 3 4 5 6 7 10 11 12 13 | 13.6
Charms         | 4 5 7 8 |  8.3
Spellcasting   | 4 6 7 8 |  8.7
Armour         | 2 3 |  3.8
Dodging        | 2 3 |  3.5
Shields        | 1 2 3 |  3.1
Fighting       | 3 4 |  4.7

Action                   |  1- 3 |  4- 6 |  7- 9 | 10-12 | 13-15 || total
-------------------------+-------+-------+-------+-------+-------++-------
Melee: Mace              |   156 |    41 |       |       |       ||   197
       Dagger            |       |   195 |     3 |       |       ||   198
       Flail             |       |       |   521 |   106 |       ||   627
       Morningstar       |       |       |       |    97 |       ||    97
       Dire flail        |       |       |       |    22 |       ||    22
       Great mace        |       |       |       |   346 |     7 ||   353
       Eveningstar       |       |       |       |       |   116 ||   116
 Cast: Infusion          |    17 |    15 |    36 |    20 |     4 ||    92
       Shroud of Golubri |       |     6 |    25 |    40 |     4 ||    75
       Spectral Weapon   |       |     3 |    36 |    93 |    17 ||   149
Invok: Heroism           |       |       |     2 |     9 |     3 ||    14
       Finesse           |       |       |       |       |     1 ||     1
 Abil: Evoke Flight      |       |       |       |       |     1 ||     1
Evoke: Wand              |       |       |     2 |     2 |       ||     4
  Use: Scroll            |     2 |     2 |     8 |    13 |     3 ||    28
 Stab: Sleeping          |       |     2 |       |     1 |       ||     3
       Distracted        |       |       |     3 |     4 |     1 ||     8
Armor: Leather armour    |    74 |    20 |       |       |       ||    94
       Robe              |       |    40 |   146 |   156 |    46 ||   388
Dodge: Dodged            |   145 |   111 |   294 |   389 |    66 ||  1005
Block: Shield            |       |       |       |       |    42 ||    42
